cohdb
Replays
Latest Replays
All Replays
Popular Replays
Top Player Replays
Match Explorer
How It Works
Community
CoH3 Stats
Reddit
Sign in to upload your games and track your stats! →
Sign in with Steam
Match 30124982
Unlisted
Match 30124982
Overview
Messages
Build Orders
End
Construct Barracks
Selects Advanced Infantry Battlegroup
Riflemen Squad
Riflemen Squad
M1 Mortar Team
Selects Convert to Ranger Squad
Ranger Squad
Grenade Package
Convert to Ranger Squad
Selects Frontline Medical Station
Convert to Ranger Squad
Infantry Support Center
Construct Weapon Support Center
Frontline Medical Station
Construct Motor Pool
M1 Anti-tank Gun Team
( . 八 . )
GenRa
Lynn
775407168
UArNext
PaNzEr FaUsTiK
Akaxiya
iAinEng
0
0
Comments
sign in to comment!
No comments posted yet!